 Dungeon Crawl Stone Soup version 0.28.0-53-g5a82cb258f (webtiles) character file.

Game seed: 3254152054333397644

67 Tirrikindir the Skirmisher (level 4, -1/24 HPs)
             Began as an Octopode Fighter on Aug 16, 2022.
             Was a Follower of Sif Muna.
             Slain by Sigmund
             ... wielding a +0 scythe
              (13 damage)
             ... on level 3 of the Dungeon.
             The game lasted 00:05:08 (2017 turns).

Tirrikindir the Skirmisher (Octopode Fighter)       Turns: 2017, Time: 00:05:08

Health: -1/24      AC:  1    Str: 15    XL:     4   Next: 18%
Magic:  4/4        EV: 13    Int: 12    God:    Sif Muna [*.....]
Gold:   118        SH:  4    Dex: 13    Spells: 4/4 levels left

rFire   . . .      SeeInvis .   a - +0 long sword
rCold   . . .      Faith    .   b - +0 buckler
rNeg    . . .      Spirit   .   (helmet restricted)
rPois   .          Reflect  .   (no amulet)
rElec   .          Harm     .   (no ring)
rCorr   .          Rampage  .   (no ring)
Will    .....                   (no ring)
Stlth   +++.......              (no ring)
HPRegen 0.08/turn               (no ring)
MPRegen 0.09/turn               (no ring)
                                (no ring)
                                (no ring)

@: mighty
A: almost no armour, amphibious, 8 rings, camouflage 1, gelatinous body 1,
(nimble swimmer 1), tentacles, agile 1, frail 2
a: Renounce Religion, Channel Magic


You were on level 3 of the Dungeon.
You worshipped Sif Muna.
Sif Muna was aware of your devotion.
You visited 1 branch of the dungeon, and saw 3 of its levels.

You collected 226 gold pieces.
You spent 108 gold pieces at shops.

Inventory:

Hand Weapons
 a - a +0 long sword (weapon)
Missiles
 f - 3 poisoned darts (quivered)
Armour
 b - a +0 buckler (worn)
Magical Staves
 h - a staff of air
Wands
 k - a wand of acid (3)
Scrolls
 d - a scroll of identify
Potions
 e - a potion of invisibility
 i - 2 potions of heal wounds
 j - a potion of magic


   Skills:
 + Level 3.4 Fighting
 - Level 2.3 Long Blades
 + Level 3.4 Dodging
 + Level 2.1 Stealth
 + Level 3.3 Shields
 + Level 0.6 Spellcasting
 + Level 0.4 Invocations
 + Level 0.5 Evocations


You had 4 spell levels left.
You didn't know any spells.
Your spell library contained the following spells:

 Spells                   Type           Power      Damage    Failure   Level
 Conjure Flame            Conj/Fire      0%         6-21      77%         3
 Ignite Poison            Fire/Tmut/Pois 0%         N/A       77%         3
 Sticky Flame             Conj/Fire      0%         2d3       99%         4


Dungeon Overview and Level Annotations

Branches:
Dungeon (3/15)

Altars:
Sif Muna

Shops:
D:3 *

Annotations:
D:3 Sigmund


Innate Abilities, Weirdness & Mutations

You cannot wear most types of armour.
You are amphibious.
You can wear up to eight rings at the same time.
Your skin changes colour to match your surroundings (Stealth+).
Your rubbery body absorbs attacks. (AC +1, EV +1)
((You are camouflaged when in or above water. (Stealth+)))
You have tentacles for arms and can constrict up to eight enemies at once.
You are agile. (Dex +2)
You are very frail. (-20% HP)


Message History

There is a stone staircase leading up here.
Found Qeufem's General Store.
You feel your willpower return.
There is an entrance to Qeufem's General Store here.
d - a scroll of identify;
d - 2 scrolls of identify (gained 1)
i - 2 potions of heal wounds (gained 1) Thank you for shopping at Qeufem's General Store!
You can access your shopping list by pressing '$'.
You now have 118 gold pieces (gained 11).
As you read the scroll of identify, it crumbles to dust.
e - a potion of invisibility A goblin comes into view.
It is wielding a +0 club.
Found a robe.
The helpless goblin fails to defend itself.
You slash the goblin!
You kill the goblin!
Sif Muna accepts your kill.
Sigmund the Dreaded comes into view.
He is wielding a +0 scythe and wearing a +0 robe of willpower.
Sigmund shouts!
Sigmund points at you and mumbles some strange words.
You resist with some effort.
Things that are here:
a +0 club; a goblin corpse
Found 13 gold pieces.
You see here a +0 robe.
You feel very mighty all of a sudden. Sigmund misses you.
Sigmund gestures wildly while chanting.
Sigmund flickers and vanishes!
Deactivating autopickup; reactivate with Ctrl-A.
You miss something. Something hits you.
You closely miss something. Something hits you!
You miss something. You barely miss something. Your squeeze misses something.
You block something's attack.
Aiming: Corrosive Bolt
Press: ? - help, Shift-Dir - straight line Something hits you!
Ouch! That really hurt!
You die...

.....##.########..
###......########.#
..................#
#......##...##..#
#......##...##..#
#.^....#######... #
###.##.# #...
#.$#####)...# #.##
#...{@.[.##.# #.##
#.###.#####.#######.##
#.# #.........## ..#
#.###.###### ##.# #.#
#.# # ##...####.# #.#
# ...#......# #.######
#...###<## #.......
##.......# #######.


There were no monsters in sight!

Vanquished Creatures
  Jessica (D:3)
  A worm (D:2)
  A dart slug (D:2)
  7 bats
  2 endoplasms (D:2)
  2 giant cockroaches (D:1)
  2 goblins
  4 hobgoblins
  A quokka (D:1)
  3 ball pythons (D:1)
  3 frilled lizards
  3 kobolds
  7 rats
37 creatures vanquished.

Notes
Turn   | Place    | Note
-------+----------+-------------------------------------------
     0 | D:1      | Tirrikindir the Octopode Fighter began the quest for the
                  | Orb.
     0 | D:1      | Reached XP level 1. HP: 16/16 MP: 1/1
   330 | D:1      | Reached XP level 2. HP: 21/21 MP: 2/2
   458 | D:1      | Found a faded altar of an unknown god.
   466 | D:1      | Prayed at the altar of an unknown god.
   466 | D:1      | Became a worshipper of Sif Muna the Loreminder
   466 | D:1      | Reached * piety under Sif Muna
   487 | D:1      | Reached skill level 1 in Stealth
  1061 | D:2      | Reached XP level 3. HP: 20/26 MP: 3/3
  1584 | D:3      | Noticed Jessica
  1589 | D:3      | Killed Jessica
  1590 | D:3      | Reached XP level 4. HP: 13/31 MP: 4/4
  1931 | D:3      | Gained mutation: You are frail. (-10% HP) [potion of
                  | mutation]
  1931 | D:3      | Gained mutation: You are very frail. (-20% HP) [potion of
                  | mutation]
  1931 | D:3      | Gained mutation: You are agile. (Dex +2) [potion of
                  | mutation]
  1985 | D:3      | Found Qeufem's General Store.
  1988 | D:3      | Bought a scroll of identify for 24 gold pieces
  1988 | D:3      | Bought a scroll of identify for 24 gold pieces
  1988 | D:3      | Bought a potion of heal wounds for 60 gold pieces
  2008 | D:3      | Noticed Sigmund
  2017 | D:3      | Slain by Sigmund

Illustrated notes

Levels and vault maps discovered:
D:1:      dpeg_arrival_leaves_temple_mockup, layout_loops_ring,
          ebering_ecumenical_altar_sacrificial, skrybe_limestone_x
D:2:      layout_rooms
D:3:      layout_loops_ring, lemuel_coloured_pillars_altar, serial_shops, shop,
          dk_noncrumbling_3, kennysheep_nub, uniq_jessica, uniq_sigmund

Skill      XL: |  1  2  3 |
---------------+----------+-----
Stealth        | 1 2 |  2.1
Fighting       | |  3.4
Long Blades    | |  2.3
Dodging        | |  3.4
Shields        | |  3.3
Spellcasting   | |  0.6
Invocations    | |  0.4
Evocations     | |  0.5

Action                   |  1- 3 |  4- 6 || total
-------------------------+-------+-------++-------
Melee: Long sword        |    62 |    10 ||    72
       Constrict         |    14 |     1 ||    15
       Tentacles         |     7 |       ||     7
Evoke: Wand              |       |     1 ||     1
  Use: Scroll            |       |     3 ||     3
       Potion            |       |     3 ||     3
 Stab: Sleeping          |     9 |     1 ||    10
Armor: Skin              |     5 |     2 ||     7
Dodge: Dodged            |    44 |     3 ||    47
Block: Buckler           |    11 |     1 ||    12
